 Dungeon Crawl Stone Soup version 0.27-a0-1291-geefcff550b (webtiles) character file.

Game seed: 13091643626756962780

81 bilbop the Bolt Thrower (level 4, -1/28 HPs)
             Began as a Kobold Hunter on June 15, 2021.
             Slain by a gnoll (2 damage)
             ... on level 3 of the Dungeon.
             The game lasted 00:06:46 (1820 turns).

bilbop the Bolt Thrower (Kobold Hunter)             Turns: 1820, Time: 00:06:46

Health: -1/28      AC:  3    Str: 10    XL:     4   Next: 67%
Magic:  4/4        EV: 14    Int: 12    God:
Gold:   93         SH:  0    Dex: 15    Spells: 3/3 levels left

rFire    + . .     SeeInvis .   b - +0 dagger
rCold    . . .     Faith    .   (shield restricted)
rNeg     . . .     Spirit   .   c - +0 leather armour
rPois    .         Reflect  .   (no helmet)
rElec    .         Harm     .   (no cloak)
rCorr    +         Rampage  .   (no gloves)
Will     .....                  (no boots)
Stlth    +++.......             (no amulet)
HPRegen  0.09/turn              l - ring of protection from fire
MPRegen  0.09/turn              m - ring of resist corrosion

@: no status effects
A: small, no large weapons, nightstalker 3
a: no special abilities


You were on level 3 of the Dungeon.
You visited 1 branch of the dungeon, and saw 3 of its levels.

You collected 93 gold pieces.

Inventory:

Hand Weapons
 a - a +1 hand crossbow
 b - a +0 dagger (weapon)
 f - a +0 short sword
Missiles
 d - 6 bolts
Armour
 c - a +0 leather armour (worn)
 g - a +1 scale mail of willpower
Jewellery
 l - a ring of protection from fire (left hand)
 m - a ring of resist corrosion (right hand)
Scrolls
 e - a scroll of fog {unknown}
 i - 2 scrolls of magic mapping {unknown}
 j - 2 scrolls of teleportation {unknown}
 k - 4 scrolls of identify {unknown}
 n - a scroll of amnesia {unknown}
Potions
 h - a potion of brilliance {unknown}


   Skills:
 * Level 3.2 Fighting
 + Level 2.1 Short Blades
 + Level 5.2 Crossbows
 + Level 3.2 Dodging
 + Level 2.6 Stealth


You had 3 spell levels left.
You didn't know any spells.
Your spell library was empty.

Dungeon Overview and Level Annotations

Branches:
Dungeon (3/15)

Altars:
The Shining One

Annotations:
D:2 1 runed translucent door, Crazy Yiuf


Innate Abilities, Weirdness & Mutations

You are small and have problems with some larger weapons.
You are completely attuned to the shadows.


Message History

The gnoll barely misses you.
You hit the gnoll.
The gnoll is heavily wounded.
The gnoll barely misses you.
You hit the gnoll but do no damage.
The gnoll is heavily wounded.
The gnoll hits you with a +0 whip.
You hit the gnoll but do no damage.
The gnoll is heavily wounded.
You hit the gnoll.
The gnoll is heavily wounded.
The gnoll closely misses you.
You barely miss the gnoll.
The gnoll is heavily wounded.
The gnoll barely misses you.
You hit the gnoll.
The gnoll is heavily wounded.
The gnoll hits you with a +0 whip.
You hit the gnoll.
The gnoll is severely wounded.
The gnoll hits you but does no damage.
You closely miss the gnoll.
The gnoll is severely wounded.
The gnoll misses you.
You barely miss the gnoll.
The gnoll is severely wounded.
The gnoll hits you with a +0 whip.
* * * LOW HITPOINT WARNING * * *
You hit the gnoll.
The gnoll is severely wounded.
The gnoll hits you with a +0 whip.
* * * LOW HITPOINT WARNING * * *
You hit the gnoll.
The gnoll is severely wounded.
The gnoll hits you with a +0 whip.
* * * LOW HITPOINT WARNING * * *
You hit the gnoll.
The gnoll is almost dead.
The gnoll hits you with a +0 whip.
You die...

# #.
#.#######
..#...@g.?(
...#........
............
............
............
...#.######
....><#
...#.##
####.>


You could see a gnoll.

Vanquished Creatures
  2 adders (D:2)
  A worm (D:3)
  A dart slug (D:1)
  8 bats
  6 endoplasms
  A giant cockroach (D:1)
  9 goblins
  7 hobgoblins
  A quokka (D:1)
  5 ball pythons
  4 frilled lizards
  6 kobolds
  2 rats
53 creatures vanquished.

Notes
Turn   | Place    | Note
-------+----------+-------------------------------------------
     0 | D:1      | bilbop the Kobold Hunter began the quest for the Orb.
     0 | D:1      | Reached XP level 1. HP: 12/12 MP: 1/1
     6 | D:1      | Noticed an electric eel
   127 | D:1      | Reached XP level 2. HP: 18/18 MP: 2/2
   182 | D:1      | Reached skill level 1 in Short Blades
   308 | D:1      | Reached XP level 3. HP: 22/22 MP: 3/3
   370 | D:1      | Reached skill level 5 in Crossbows
  1027 | D:2      | Reached XP level 4. HP: 27/27 MP: 4/4
  1280 | D:2      | Found a glowing golden altar of the Shining One.
  1452 | D:2      | Found a runed translucent door.
  1455 | D:2      | Noticed Crazy Yiuf
  1819 | D:3      | HP: 1/28 [gnoll (3)]
  1820 | D:3      | Slain by a gnoll

Illustrated notes

Levels and vault maps discovered:
D:1:      arrival_aquarium_a, layout_rooms
D:2:      layout_basic, basic_altar, uniq_crazy_yiuf_cottage
D:3:      layout_basic, serial_shops, shop, uniq_terence, uniq_jessica

Skill      XL: |  1  2  3  4 |
---------------+-------------+-----
Short Blades   | 1 2 |  2.1
Stealth        | 2 |  2.6
Crossbows      | 5 |  5.2
Dodging        | 3 |  3.2
Fighting       | 3 |  3.2

Action                   |  1- 3 |  4- 6 || total
-------------------------+-------+-------++-------
Melee: Dagger            |     5 |    28 ||    33
 Fire: Hand crossbow     |    51 |    36 ||    87
 Stab: Sleeping          |       |     1 ||     1
Armor: Leather armour    |     2 |     6 ||     8
Dodge: Dodged            |    17 |    22 ||    39

Table legend: (Time is in decaauts)
 A = Elapsed time spent in this place.
 B = Non-inter-level travel time spent in this place.
 C = Inter-level travel time spent in this place.
 D = Time resting spent in this place.
 E = Time spent auto-exploring this place.
 F = Levels seen in this place.
 G = Mean time per level.
                   A        B        C        D        E       F      G
               +--------+--------+--------+--------+--------+-----+--------+
         Total |   1833 |   1766 |     67 |      0 |   1478 |   3 |  611.0 |
       Dungeon |   1833 |   1766 |     67 |      0 |   1478 |   3 |  611.0 |
               +--------+--------+--------+--------+--------+-----+--------+

Top non-repeatable levels by time:
     D:2: 1070 daAuts
     D:1: 726 daAuts
     D:3: 36 daAuts
